 Dungeon Sprint DCSS version 0.27-a0-1177-g245c70e1c0 (webtiles) character file.

Game seed: 2378046025387552283

30373 mhtbhm the Shatterer (level 13, -6/146 HPs)
             Began as a Minotaur Berserker on May 16, 2021.
             Was the Champion of Trog.
             Mangled by a naga warrior
             ... wielding a +0 morningstar
              (43 damage)
             ... in the Dungeon (Sprint IX: "|||||||||||||||||||||||||||||").
             The game lasted 00:07:47 (4076 turns).

mhtbhm the Shatterer (Minotaur Berserker)           Turns: 4076, Time: 00:07:47

Health: -6/146     AC: 15    Str: 27    XL:     13   Next: 20%
Magic:  12/12      EV: 11    Int:  4    God:    Trog [******]
Gold:   577        SH:  0    Dex: 10    Spells: 12/12 levels left

rFire    + + +     SeeInvis .   a - +5 dire flail of Instinct {vorpal, rF++}
rCold    . . .     Faith    .   (shield currently unavailable)
rNeg     + . .     Spirit   .   b - +0 swamp dragon scales
rPois    +         Reflect  .   (helmet restricted)
rElec    .         Harm     .   s - +1 cloak
rCorr    .         Rampage  .   (no gloves)
Will     .....     NoTele   +   (no boots)
Stlth    +.........             (no amulet)
HPRegen  0.34/turn              A - ring of protection from fire
MPRegen  0.13/turn              C - ring of positive energy

@: on berserk cooldown, slowed, constricted, very slow
A: horns 2, retaliatory headbutt
a: Renounce Religion, Berserk, Trog's Hand, Brothers in Arms


You were in the Dungeon.
You worshipped Trog.
Trog was exalted by your worship.
You visited 1 branch You collected 1924 gold pieces.
You spent 1347 gold pieces at shops.

Inventory:

Hand Weapons
 a - the +5 dire flail of Instinct (weapon) {vorpal, rF++}
   (Trog gifted it to you in the Dungeon)

   It inflicts extra damage upon your enemies.
   It greatly protects you from fire.
Missiles
 m - 13 poisoned darts (quivered)
 y - a throwing net
Armour
 b - +0 swamp dragon scales (worn)
 s - a +1 cloak (worn)
 D - a +1 tower shield
Jewellery
 A - a ring of protection from fire (left hand)
 C - a ring of positive energy (right hand)
Wands
 j - a wand of iceblast (11)
Scrolls
 h - 3 scrolls of blinking
 o - 3 scrolls of identify
 q - 2 scrolls of fog
 r - a scroll of fear
 t - a scroll of acquirement
 u - a scroll of magic mapping
 v - 7 scrolls of enchant armour
 w - a scroll of enchant weapon
Potions
 c - 10 potions of curing
 d - 2 potions of invisibility
 e - a potion of haste
 f - 4 potions of magic
 g - 2 potions of berserk rage
 i - 5 potions of heal wounds
 n - 2 potions of resistance
 p - a potion of mutation
 x - a potion of might


   Skills:
 + Level 22.7 Fighting
 + Level 23.8 Maces & Flails
 + Level 17.1 Armour
 + Level 10.1 Dodging
 + Level 2.1 Stealth
 + Level 4.5 Shields
 + Level 3.7 Evocations


You had 12 spell levels left.
You didn't know any spells.
Your spell library was empty.

Dungeon Overview and Level Annotations

Branches:
Dungeon (1/1)

Altars:
Cheibriados
Dithmenos
Elyvilon
Fedhas
Gozag
Hepliaklqana
Kikubaaqudgha
Makhleb
Nemelex Xobeh
Okawaru
Qazlal
Ru
Sif Muna
Trog
Uskayaw
Vehumet
Wu Jian
Xom
Yredelemnul
Zin
The Shining One
Beogh
Jiyva
Lugonu

Shops:
D [!?[


Innate Abilities, Weirdness & Mutations

You have a pair of horns on your head.
You reflexively headbutt those who attack you in melee.


Message History

Items here: ) [ ††.
You barely miss the naga warrior. You headbutt the naga warrior!
The naga warrior is lightly wounded.
The naga warrior hits you with a +0 morningstar!
The naga warrior grabs you. The naga warrior constricts you.
You are too injured to fight recklessly!
You are too injured to fight recklessly!
You are too injured to fight recklessly!
You are too injured to fight recklessly!
You are too injured to fight recklessly!
You are too injured to fight recklessly!
You are too injured to fight recklessly!
You are too injured to fight recklessly!
You are too injured to fight recklessly!
You are too injured to fight recklessly!
Unknown command.
Unknown command.
You are too injured to fight recklessly!
You are too injured to fight recklessly!
You puncture the naga warrior! Your headbutt misses the naga warrior.
The naga warrior is moderately wounded.
You are no longer berserk.
You are exhausted.
You feel yourself slow down.
You feel sick. The naga mage casts a spell at you.
The bolt of poison hits the naga warrior.
The bolt of poison hits you.
You are more poisoned.
You resist.
Unknown command.
Unknown command.
Okay, then.
Unknown command.
Okay, then.
You feel better.
The naga warrior hits you with a +0 morningstar!!
* * * LOW HITPOINT WARNING * * *
The naga warrior constricts you.
The naga warrior hits you with a +0 morningstar!!!
You die...

▓.▓.▓.▓.▓.▓.▓.▓.▓)
▓.▓.▓.▓.▓.▓.▓!▓.▓.
▓.▓.▓.▓.▓)▓.▓.▓.▓.
▓.▓.▓.▓.▓)▓.▓.▓.▓.
▓†▓.▓)▓.▓)▓.▓.▓.▓.
▓.▓.▓)▓.▓)▓)▓.▓.▓'
▓)▓.▓)▓.▓)▓.▓.▓.▓_
▓)▓.▓)▓.▓)▓.▓.▓.▓_
▓@▓.▓)▓.▓)▓.▓.▓.▓_
▓N▓.▓)▓.▓)▓.▓)▓.▓_
▓N▓.▓)▓.▓.▓.▓†▓.▓_
▓S▓.▓)▓.▓.▓.▓÷▓.▓_
▓.▓.▓.▓.▓.▓.▓.▓.▓_
▓.▓.▓[▓.▓.▓.▓.▓.▓_
▓+▓.▓.▓.▓.▓.▓.▓.▓_
▓.▓[▓.▓.▓.▓.▓.▓_
▓.▓[▓.▓)▓.▓.▓.▓_


You could see a naga warrior (strong, curare), a black mamba (curare) and a naga
mage (fast, strong).

Vanquished Creatures
  Gastronok (D)
  A stone giant (D)
  3 hydras (D)
  Harold (D)
  A naga warrior (D)
  5 two-headed ogres (D)
  A tengu warrior (D)
  5 death yaks (D)
  4 ogre magi (D)
  2 deep troll shamans (D)
  A shock serpent (D)
  A flayed ghost (D)
  A naga ritualist (D)
  4 orc knights (D)
  A deep elf pyromancer (D)
  2 cyclopes (D)
  An orc sorcerer (D)
  2 black mambas (D)
  Maurice (D)
  3 cane toads (D)
  5 komodo dragons (D)
  A troll (D)
  A wyvern (D)
  6 yaks (D)
  A vampire mosquito (D)
  A naga (D)
  An acid dragon (shapeshifter) (D)
  2 water moccasins (D)
  5 orc warriors (D)
  6 ogres (D)
  A wolf (D)
  2 kobold brigands (D)
  2 bullfrogs (D)
  A killer bee (D)
  A howler monkey (D)
  4 orc priests (D)
  An orc wizard (D)
  An iguana (D)
  An adder simulacrum (D)
  7 orcs (D)
  A bat skeleton (D)
  A bat zombie (D)
  2 goblins (D)
  2 ball pythons (D)
  A frilled lizard (D)
  A quokka skeleton (D)
99 creatures vanquished.

Vanquished Creatures (collateral kills)
  A stone giant (D)
  A rakshasa (D)
  A boulder beetle (D)
  An orc knight (D)
  A yaktaur (D)
  A raiju (shapeshifter) (D)
  3 orc warriors (D)
9 creatures vanquished.

Vanquished Creatures (others)
  A necromancer (D)
1 creature vanquished.

Grand Total: 109 creatures vanquished

Notes
Turn   | Place    | Note
-------+----------+-------------------------------------------
     0 | D        | mhtbhm the Minotaur Berserker began the quest for the Orb.
     0 | D        | Reached XP level 1. HP: 19/19 MP: 0/0
     8 | D        | Reached skill level 4 in Maces & Flails
     8 | D        | Reached ** piety under Trog
    52 | D        | Noticed an ogre
    52 | D        | Noticed an iguana
    62 | D        | Killed an ogre
    62 | D        | Reached *** piety under Trog
    63 | D        | Reached skill level 7 in Maces & Flails
    63 | D        | Reached XP level 2. HP: 3/34 MP: 1/1
    63 | D        | Reached XP level 3. HP: 4/39 MP: 2/2
    63 | D        | Reached XP level 4. HP: 4/47 MP: 3/3
   352 | D        | Reached skill level 8 in Maces & Flails
   480 | D        | Found a snail-covered altar of Cheibriados.
   480 | D        | Found a shadowy altar of Dithmenos.
   480 | D        | Found a white marble altar of Elyvilon.
   480 | D        | Found a blossoming altar of Fedhas.
   480 | D        | Found an opulent altar of Gozag.
   481 | D        | Found a hazy altar of Hepliaklqana.
   482 | D        | Found a viscous altar of Jiyva.
   483 | D        | Found an ancient bone altar of Kikubaaqudgha.
   484 | D        | Found a corrupted altar of Lugonu.
   485 | D        | Found a burning altar of Makhleb.
   486 | D        | Found a sparkling altar of Nemelex Xobeh.
   487 | D        | Found an iron altar of Okawaru.
   488 | D        | Found a stormy altar of Qazlal.
   489 | D        | Found a sacrificial altar of Ru.
   490 | D        | Found a shimmering blue altar of Sif Muna.
   491 | D        | Found a bloodstained altar of Trog.
   492 | D        | Found a hide-covered altar of Uskayaw.
   493 | D        | Found a radiant altar of Vehumet.
   494 | D        | Found an ornate altar of the Wu Jian Council.
   495 | D        | Found a shimmering altar of Xom.
   496 | D        | Found a basalt altar of Yredelemnul.
   497 | D        | Found a glowing silver altar of Zin.
   498 | D        | Found a glowing golden altar of the Shining One.
   539 | D        | Noticed a wyvern
   539 | D        | Noticed a kobold brigand
   539 | D        | Noticed a two-headed ogre
   539 | D        | Noticed a kobold brigand
   542 | D        | Reached **** piety under Trog
   543 | D        | Reached XP level 5. HP: 56/56 MP: 4/4
   546 | D        | Reached skill level 9 in Maces & Flails
   546 | D        | Reached skill level 5 in Armour
   548 | D        | Killed a wyvern
   549 | D        | Reached skill level 10 in Fighting
   549 | D        | Reached skill level 11 in Maces & Flails
   549 | D        | Reached skill level 5 in Dodging
   549 | D        | Reached XP level 6. HP: 66/66 MP: 5/5
   556 | D        | Killed a two-headed ogre
   557 | D        | Reached skill level 13 in Maces & Flails
   557 | D        | Reached XP level 7. HP: 65/78 MP: 6/6
   557 | D        | Reached XP level 8. HP: 71/85 MP: 7/7
   559 | D        | Reached ***** piety under Trog
   560 | D        | Reached skill level 14 in Maces & Flails
   709 | D        | Noticed a troll
   709 | D        | Noticed a komodo dragon
   709 | D        | Noticed a boulder beetle
   709 | D        | Noticed a cyclops
   711 | D        | Killed a troll
   716 | D        | Killed a komodo dragon
   717 | D        | Reached skill level 15 in Maces & Flails
   730 | D        | Killed a cyclops
   731 | D        | Reached XP level 9. HP: 80/95 MP: 8/8
  1034 | D        | Noticed a komodo dragon
  1034 | D        | Noticed a komodo dragon
  1034 | D        | Noticed a komodo dragon
  1035 | D        | Noticed a four-headed hydra
  1037 | D        | Reached skill level 16 in Maces & Flails
  1044 | D        | Killed a komodo dragon
  1044 | D        | Noticed a komodo dragon
  1047 | D        | Killed a komodo dragon
  1051 | D        | Killed a komodo dragon
  1051 | D        | Received a gift from Trog
  1052 | D        | Reached skill level 17 in Maces & Flails
  1052 | D        | Reached skill level 1 in Evocations
  1055 | D        | Killed a four-headed hydra
  1055 | D        | Reached ****** piety under Trog
  1056 | D        | Reached skill level 15 in Fighting
  1056 | D        | Reached skill level 10 in Armour
  1056 | D        | Reached XP level 10. HP: 81/105 MP: 9/9
  1246 | D        | Reached skill level 18 in Maces & Flails
  1409 | D        | Noticed a cane toad
  1409 | D        | Noticed a cane toad
  1409 | D        | Noticed a six-headed hydra
  1412 | D        | Killed a cane toad
  1413 | D        | Killed a cane toad
  1418 | D        | Killed a six-headed hydra
  1419 | D        | Noticed a cane toad
  1421 | D        | Noticed a six-headed hydra
  1425 | D        | Received a gift from Trog
  1426 | D        | Reached skill level 19 in Maces & Flails
  1429 | D        | Killed a cane toad
  1434 | D        | Killed a six-headed hydra
  1525 | D        | Noticed a death yak
  1525 | D        | Noticed a death yak
  1525 | D        | Noticed a death yak
  1525 | D        | Noticed a death yak
  1528 | D        | Killed a death yak
  1529 | D        | Noticed a death yak
  1530 | D        | Killed a death yak
  1531 | D        | Reached skill level 20 in Maces & Flails
  1531 | D        | Reached XP level 11. HP: 117/117 MP: 10/10
  1535 | D        | Killed a death yak
  1537 | D        | Killed a death yak
  1537 | D        | Received a gift from Trog
  1544 | D        | Killed a death yak
  1680 | D        | Noticed Gastronok
  1690 | D        | Killed Gastronok
  1690 | D        | Received a gift from Trog
  1691 | D        | Reached skill level 21 in Maces & Flails
  1773 | D        | Noticed Maurice
  1781 | D        | Killed Maurice
  1854 | D        | Identified the +12 flail of True Grit {vorpal, Dex+3} (Trog
                  | gifted it to you in the Dungeon)
  1854 | D        | Received a gift from Trog
  2047 | D        | Noticed an orc knight
  2047 | D        | Noticed an orc knight
  2047 | D        | Noticed an orc sorcerer
  2047 | D        | Noticed an orc knight
  2051 | D        | Killed an orc knight
  2056 | D        | Killed an orc knight
  2056 | D        | Received a gift from Trog
  2059 | D        | Killed an orc sorcerer
  2061 | D        | Killed an orc knight
  2069 | D        | Noticed an orc knight
  2073 | D        | Received a gift from Trog
  2074 | D        | Reached skill level 22 in Maces & Flails
  2080 | D        | Killed an orc knight
  2300 | D        | Found Arhoheri's Antique Armour Emporium.
  2300 | D        | Noticed a two-headed ogre
  2300 | D        | Noticed an ogre mage
  2300 | D        | Noticed an ogre mage
  2300 | D        | Noticed a two-headed ogre
  2305 | D        | Killed a two-headed ogre
  2305 | D        | Received a gift from Trog
  2306 | D        | Reached skill level 1 in Stealth
  2306 | D        | Reached XP level 12. HP: 130/130 MP: 11/11
  2306 | D        | Noticed an ogre mage
  2307 | D        | Killed an ogre mage
  2308 | D        | Found Uleot's Distillery.
  2310 | D        | Killed an ogre mage
  2313 | D        | Killed a two-headed ogre
  2314 | D        | Reached skill level 15 in Armour
  2315 | D        | Found Cikh's Magic Scroll Emporium.
  2317 | D        | Received a gift from Trog
  2319 | D        | Found Fele's Antique Armour Shoppe.
  2321 | D        | Killed an ogre mage
  2324 | D        | Noticed a two-headed ogre
  2334 | D        | Killed a two-headed ogre
  2343 | D        | Noticed a two-headed ogre
  2361 | D        | Killed a two-headed ogre
  2417 | D        | Noticed an ogre mage
  2429 | D        | Killed an ogre mage
  2429 | D        | Received a gift from Trog
  2635 | D        | Bought a scroll of acquirement for 676 gold pieces
  2635 | D        | Bought a scroll of magic mapping for 45 gold pieces
  2635 | D        | Bought a scroll of enchant armour for 97 gold pieces
  2635 | D        | Bought a scroll of enchant weapon for 97 gold pieces
  2641 | D        | Bought a potion of curing for 36 gold pieces
  2641 | D        | Bought a potion of curing for 36 gold pieces
  2641 | D        | Bought a potion of might for 48 gold pieces
  2641 | D        | Bought 2 potions of heal wounds for 120 gold pieces
  2641 | D        | Bought a potion of curing for 36 gold pieces
  2641 | D        | Bought a potion of invisibility for 96 gold pieces
  2641 | D        | Bought a potion of heal wounds for 60 gold pieces
  2694 | D        | Noticed Harold
  2701 | D        | Killed Harold
  2702 | D        | Reached skill level 23 in Maces & Flails
  3020 | D        | Noticed a tengu warrior
  3026 | D        | Killed a tengu warrior
  3031 | D        | Noticed a boulder beetle
  3033 | D        | Received a gift from Trog
  3036 | D        | Reached skill level 1 in Shields
  3038 | D        | Noticed a rakshasa
  3046 | D        | Killed a rakshasa
  3222 | D        | Noticed a stone giant
  3237 | D        | Killed a stone giant
  3239 | D        | Killed a boulder beetle
  3239 | D        | Identified the +5 dire flail of Instinct {vorpal, rF++}
                  | (Trog gifted it to you in the Dungeon)
  3239 | D        | Received a gift from Trog
  3592 | D        | Noticed a stone giant
  3593 | D        | Noticed a deep troll shaman
  3594 | D        | Noticed a deep troll shaman
  3598 | D        | Killed a stone giant
  3599 | D        | Reached XP level 13. HP: 104/145 MP: 12/12
  4062 | D        | Received a gift from Trog
  4063 | D        | Reached skill level 10 in Dodging
  4076 | D        | Mangled by a naga warrior

Illustrated notes

Levels and vault maps discovered:
D:        linesprint [early_d, line_temple, items_1, d_10, items_2, lair_1,
          lair_end, items_3, orc_1, orc_end, items_4, d_15, swamp_1, shoals_1,
          snake_1, spider_1, d_20, vaults_1, items_5, swamp_end, shoals_end,
          snake_end, spider_end, vaults_end, d_27, items_6, zot_1, zot_end,
          crypt_end, forest_end, elf_end, slime_end, tomb_end, abyss_end,
          pan_hell_end]

Skill      XL: |  1  2  3  4  5  6  7  8  9 10 11 12 13 |
---------------+----------------------------------------+-----
Fighting       | 7 8 10 12 14 15 17 19 22 | 22.7
Maces & Flails | 7 8 11 13 15 17 20 22 23 | 23.8
Armour         | 4 5 7 9 10 12 14 16 17 | 17.1
Dodging        | 3 4 5 7 8 9 10 | 10.1
Evocations     | 1 2 3 |  3.7
Stealth        | 1 2 |  2.1
Shields        | 3 4 |  4.5

Action                   |  1- 3 |  4- 6 |  7- 9 | 10-12 | 13-15 || total
-------------------------+-------+-------+-------+-------+-------++-------
Melee: Mace              |    13 |     3 |       |       |       ||    16
       Headbutt          |     5 |     4 |    14 |    36 |     9 ||    68
       Morningstar       |       |    12 |    38 |    12 |       ||    62
       Dire flail        |       |       |       |    23 |    27 ||    50
       Great mace        |       |       |       |    44 |       ||    44
       Flail             |       |       |       |    82 |       ||    82
Invok: Berserk           |     1 |     2 |     2 |    12 |     1 ||    18
       Brothers in Arms  |       |       |       |     3 |       ||     3
Evoke: Wand              |       |       |     3 |       |       ||     3
  Use: Potion            |     1 |       |       |     2 |     1 ||     4
       Scroll            |       |       |       |     1 |       ||     1
Armor: Animal skin       |     2 |       |       |       |       ||     2
       Plate armour      |       |     6 |     5 |    29 |       ||    40
       Swamp dragon scal |       |       |       |     3 |     6 ||     9
Dodge: Dodged            |     9 |     4 |     9 |    35 |     6 ||    63
Block: Tower shield      |       |       |       |    15 |       ||    15

Table legend: (Time is in decaauts)
 A = Elapsed time spent in this place.
 B = Non-inter-level travel time spent in this place.
 C = Inter-level travel time spent in this place.
 D = Time resting spent in this place.
 E = Time spent auto-exploring this place.
 F = Levels seen in this place.
 G = Mean time per level.
                   A        B        C        D        E       F      G
               +--------+--------+--------+--------+--------+-----+--------+
         Total |   4123 |   4123 |      0 |   2847 |    393 |   1 | 4123.0 |
       Dungeon |   4123 |   4123 |      0 |   2847 |    393 |   1 | 4123.0 |
               +--------+--------+--------+--------+--------+-----+--------+

Top non-repeatable levels by time:
       D: 4123 daAuts
